AoeStats
← |GaoeG| flamingo

MegaRandom

509345638Analyzed
3v3 RM · 5d ago on Sep 26, 2026· 37m 38s· 6 players
Game mode
Random Map
Map size
Normal (6 player)
Population
200
Speed
Normal
Resources
Standard
Victory
Conquest
Starting age
Dark Age
Ending age
Imperial Age
RankedLock teamsTeams togetherTeam positionsShared explorationLock speedFull tech treeHidden civsTurbo modeCheats
Victory
Defeat
🇪🇸 Ethiopians · Spain
1374
+7
🇪🇸 Saracens · Spain
1270
+11
🇪🇸 Franks · Spain
801
+28
🇵🇱 Khmer · Poland
1158
-16
🇦🇷 Franks · Argentina
1140
-15
🇹🇷 Chinese · Türkiye
1129
-15
Tutu®
0:33 Loom
11:47 Feudal Age
13:27 Double-Bit Axe
16:10 Castle Age
16:35 Wheelbarrow
15:46 Town Watch
17:24 Bow Saw
kontakt
10:45 Feudal Age
12:42 Fletching
19:21 Castle Age
17:49 Double-Bit Axe
20:11 Crossbowman
Selim
0:28 Loom
12:43 Feudal Age
16:53 Castle Age
14:46 Double-Bit Axe
15:13 Horse Collar
16:24 Town Watch
17:14 Wheelbarrow
18:12 Stone Mining
23:05 Bow Saw
24:32 Fletching
25:38 Hand Cart
25:38 Heavy Plow
26:22 Bodkin Arrow
26:40 Padded Archer Armor
28:16 Leather Archer Armor
32:03 Ballistics
31:42 Murder Holes
|GaoeG| flamingo
0:37 Loom
12:03 Feudal Age
16:05 Castle Age
14:26 Double-Bit Axe
15:08 Horse Collar
18:00 Bow Saw
19:19 Heavy Plow
22:44 Gold Mining
26:18 Wheelbarrow
28:29 Gold Shaft Mining
28:29 Bloodlines
28:19 Husbandry
28:28 Scale Barding Armor
29:51 Chain Barding Armor
29:48 Hand Cart
30:02 Forging
31:32 Stone Mining
34:52 Imperial Age
34:30 Iron Casting
34:59 Elite Mameluke
36:01 Conscription
36:37 Plate Barding Armor
37:03 Blast Furnace
JITANOmaleant7
11:02 Feudal Age
11:03 Loom
15:02 Castle Age
15:24 Double-Bit Axe
15:21 Horse Collar
15:37 Gold Mining
16:24 Wheelbarrow
22:41 Man-at-Arms
23:21 Squires
23:55 Scale Mail Armor
24:15 Long Swordsman
26:24 Forging
28:22 Chain Mail Armor
32:18 Iron Casting
34:16 Elite Skirmisher
37:12 Fletching
37:23 Padded Archer Armor
claran33
0:36 Loom
12:36 Feudal Age
14:00 Wheelbarrow
17:36 Castle Age
17:02 Wheelbarrow
16:27 Double-Bit Axe
17:58 Gold Mining
19:41 Bow Saw
19:44 Stone Mining
21:45 Hand Cart
24:39 Scale Barding Armor
24:45 Forging
26:08 Chain Barding Armor
28:27 Iron Casting
34:01 Imperial Age
34:04 Cavalier
36:53 Blast Furnace
36:30 Plate Barding Armor
37:16 Paladin
Connection lost

Rejoining the realm…

Still unreachable

The connection could not be restored.

Session expired

The server has moved on; the page needs a fresh start.